 Dungeon Crawl Stone Soup version 0.28.0 (webtiles) character file.

Game seed: 17816090648671011562

1850 krispywithak the Skirmisher (level 8, -6/106 HPs)
             Began as a Minotaur Berserker on Feb 5, 2022.
             Was a Believer of Trog.
             Killed from afar by Maurice (12 damage)
             ... with an iceblast
             ... on level 9 of the Dungeon.
             The game lasted 00:18:33 (7578 turns).

krispywithak the Skirmisher (Minotaur Berserker)    Turns: 7578, Time: 00:18:34

Health: -6/106     AC: 24    Str: 24    XL:     8   Next: 88%
Magic:  0/7        EV:  2    Int:  4    God:    Trog [**....]
Gold:   272        SH: 16    Dex: 10    Spells: 7/7 levels left

rFire   . . .      SeeInvis .   g - +4 dagger (protect)
rCold   . . .      Faith    .   y - +0 kite shield
rNeg    . . .      Spirit   +   (armour currently unavailable)
rPois   +          Reflect  .   (helmet currently unavailable)
rElec   .          Harm     .   (cloak currently unavailable)
rCorr   .          Rampage  .   (gloves currently unavailable)
Will    .....      NoTele   +   (boots currently unavailable)
Stlth   ++........              x - brooch of Shielding {Spirit SH+8}
HPRegen 0.27/turn               (no ring)
MPRegen 0.10/turn               (no ring)

@: tree-form, on berserk cooldown, slowed, very slow
A: stationary, stasis, torment immunity, boosted hp, (horns 2), (retaliatory
headbutt)
a: Renounce Religion, Berserk, Trog's Hand


You were on level 9 of the Dungeon.
You worshipped Trog.
Trog was pleased with you.
You were a tree.
You visited 1 branch of the dungeon, and saw 7 of its levels.

You collected 272 gold pieces.

Inventory:

Hand Weapons
 a - a +0 shortbow
 d - a +0 hunting sling
 g - a +4 dagger of protection (weapon)
Missiles
 c - 74 stones (quivered)
 e - 84 arrows
 h - 36 sling bullets
 u - 11 bolts
Armour
 i - the +0 leather armour "Uciyck" (melded) {rF- Int-3 Dex+9}
   (You found it on level 2 of the Dungeon)

   Int:       It affects your intelligence (-3).
   Dex:       It affects your dexterity (+9).
   rF:        It makes you vulnerable to fire.
 r - a +2 cloak (melded)
 y - a +0 kite shield (worn)
Jewellery
 w - a ring of wizardry
 x - the brooch of Shielding (around neck) {Spirit SH+8}
   (You found it on level 5 of the Dungeon)

   [amulet of guardian spirit]

   It causes incoming damage to be divided between your reserves of health and
   magic.
   SH:        It affects your SH (+8).
Scrolls
 k - a scroll of teleportation
 p - 2 scrolls of brand weapon
 v - 2 scrolls of amnesia {unknown}
Potions
 b - 6 potions of curing
 f - a potion of haste {unknown}
 j - a potion of resistance {unknown}
 m - a potion of mutation {unknown}
 n - a potion of lignification
 t - 2 potions of attraction {unknown}


   Skills:
 + Level 6.6 Fighting
 + Level 6.1 Short Blades
 + Level 3.1 Throwing
 + Level 5.3 Armour
 + Level 5.1 Dodging
 + Level 3.2 Stealth
 + Level 3.8 Shields
 + Level 3.9 Unarmed Combat


You had 7 spell levels left.
You didn't know any spells.
Your spell library contained the following spells:

 Spells                   Type           Power      Damage    Failure   Level
 Corpse Rot               Necr/Air       0%         N/A       95%         2
 Poisonous Vapours        Pois/Air       0%         N/A       95%         2
 Fulminant Prism          Conj/Hex       0%         3d6       100%        4
 Iskenderun's Mystic Bla  Conj/Tloc      0%         2d3       100%        4
 Lee's Rapid Deconstruct  Erth           0%         3d5*      100%        5


Dungeon Overview and Level Annotations

Branches:
Dungeon (6/15)
 Temple: D:4-7

Altars:
Makhleb

Annotations:
D:9 Maurice


Innate Abilities, Weirdness & Mutations

You are a tree.
Your roots penetrate the ground, keeping you stationary.
You cannot be teleported.
You are immune to unholy pain and torment.
Your maximum health is greatly increased.
Your equipment is partially melded.
((You have a pair of horns on your head.))
((You reflexively headbutt those who attack you in melee.))


Message History

The iceblast engulfs something!
Something hits you.
* * * LOW HITPOINT WARNING * * *
Something steals 2 of your 8 potions of curing!
You hear a bellow!
It was a potion of lignification.
You turn into a tree.
Your +2 cloak melds into your body.
The +0 leather armour "Uciyck" {rF- Int-3 Dex+9} melds into your body.
Your roots penetrate the ground.
You feel less confused.
You feel sick.
You are no longer poisoned.
You hear a zap.
An iceblast appears from out of thin air!
The mass of ice explodes!
The iceblast engulfs you but does no damage.
The iceblast engulfs something.
You cannot teleport because you are held in place by your roots.
You cannot move.
You cannot move.
You cannot move.
You cannot move.
You cannot move.
You cannot move.
You cannot move.
You cannot move.
You cannot move.
You cannot move.
You cannot move.
Something hits you.
* * * LOW HITPOINT WARNING * * *
Something steals your amulet of faith!
You hear a zap.
An iceblast appears from out of thin air!
The mass of ice explodes!
The iceblast engulfs you!
* * * LOW HITPOINT WARNING * * *
The iceblast engulfs something!
You hear a zap.
An iceblast appears from out of thin air!
The mass of ice explodes!
The iceblast engulfs you!
You die...

## #.## #.. #.. .# #S#
.. #.# .. #########.#
.. .........S### .#
...?....).{)######.###.
..........♣.).)...>....
............##..##.##..
###...########..##.#
#... #.....# #..
#..#### #.. #..# #.
#... #. #.## ..


You could see an adder and a ball python.

Vanquished Creatures
  An orc warrior (D:9)
  2 ice beasts (D:5)
  An ogre (D:5)
  A sky beast (D:6)
  A centaur (D:6)
  2 phantoms
  2 bullfrogs
  A scorpion (D:6)
  A bullfrog zombie (D:6)
  A hound (D:4)
  2 jellies (D:4)
  2 orc priests (D:4)
  3 orc wizards
  2 iguanas
  3 gnolls (D:4)
  A howler monkey skeleton (D:4)
  6 adders
  2 ufetubi (D:6)
  3 worms (D:2)
  6 dart slugs
  14 orcs
  8 ball pythons
  5 bats
  8 endoplasms
  6 giant cockroaches
  7 goblins
  4 hobgoblins
  4 quokkas
  7 frilled lizards
  6 kobolds
  6 rats
  A spectral kobold (D:1)
119 creatures vanquished.

Vanquished Creatures (collateral kills)
  Pikel (D:5)
  A lemure (D:5)
2 creatures vanquished.

Vanquished Creatures (others)
  A ball python (D:9)
  4 plants (D:9)
5 creatures vanquished.

Grand Total: 126 creatures vanquished

Notes
Turn   | Place    | Note
-------+----------+-------------------------------------------
     0 | D:1      | krispywithak the Minotaur Berserker began the quest for the
                  | Orb.
     0 | D:1      | Reached XP level 1. HP: 19/19 MP: 0/0
   212 | D:1      | Reached XP level 2. HP: 19/27 MP: 1/1
  1056 | D:1      | Found a faded altar of an unknown god.
  1067 | D:1      | Reached XP level 3. HP: 33/33 MP: 2/2
  1151 | D:1      | Reached ** piety under Trog
  1573 | D:2      | Identified the +0 leather armour "Uciyck" {rF- Int-3 Dex+9}
  2087 | D:2      | Identified the ring "Rihaget" {rPois rCorr MP+9 Str+6
                  | Stlth+}
  2495 | D:2      | Reached skill level 1 in Stealth
  2517 | D:2      | Reached XP level 4. HP: 36/40 MP: 3/3
  2640 | D:2      | Reached skill level 1 in Short Blades
  3841 | D:4      | Noticed a bullfrog
  3847 | D:4      | Killed a bullfrog
  3848 | D:4      | Reached skill level 1 in Throwing
  3848 | D:4      | Reached XP level 5. HP: 47/47 MP: 4/4
  3917 | D:4      | Noticed a phantom
  3938 | D:4      | Killed a phantom
  3939 | D:4      | Reached XP level 6. HP: 50/55 MP: 5/5
  3977 | D:4      | Reached *** piety under Trog
  3991 | D:4      | Reached skill level 5 in Fighting
  4743 | D:5      | Entered Level 5 of the Dungeon
  4804 | D:5      | Noticed Pikel
  4828 | D:5      | Killed Pikel
  4829 | D:5      | Reached skill level 1 in Shields
  4829 | D:5      | Reached XP level 7. HP: 10/62 MP: 6/6
  6025 | D:5      | Reached XP level 8. HP: 51/70 MP: 7/7
  6040 | D:5      | Reached skill level 5 in Short Blades
  6185 | D:5      | Found the brooch of Shielding {Spirit SH+8}
  6765 | D:6      | Reached skill level 5 in Armour
  6836 | D:6      | Reached skill level 5 in Dodging
  7449 | D:6      | You fall into a shaft and drop 3 floors!
  7494 | D:9      | Found a burning altar of Makhleb.
  7533 | D:9      | Noticed Maurice
  7578 | D:9      | Killed from afar by Maurice

Illustrated notes

Levels and vault maps discovered:
D:1:      heliophobic_arrival_enchanted_forest, layout_basic,
          dreamdust_ecumenical_altar_drowned_temple
D:2:      layout_loops_ring
D:3:      layout_rooms
D:4:      layout_rooms
D:5:      layout_gridville, nrook_mini_backslash, minivault_14,
          nrook_pool_corridor, serial_park_tiny_pond, kennysheep_generic_room_7,
          uniq_pikel
D:6:      layout_gridville, temple_hall, gup_sewer_entry_pipe,
          uniq_prince_ribbit1
D:9:      layout_loops_cross, mainiacjoe_overflow_24_doors,
          minmay_orc_entry_guard_dogs, nicolae_inconvenience_store,
          introduction_to_nature_1, uniq_maurice

Skill      XL: |  1  2  3  4  5  6  7  8 |
---------------+-------------------------+-----
Fighting       | 4 5 6 |  6.6
Stealth        | 1 2 3 |  3.2
Short Blades   | 1 3 4 6 |  6.1
Throwing       | 1 2 3 |  3.1
Dodging        | 3 4 5 |  5.1
Armour         | 3 4 5 |  5.3
Shields        | 1 3 |  3.8
Unarmed Combat | |  3.9

Action                   |  1- 3 |  4- 6 |  7- 9 || total
-------------------------+-------+-------+-------++-------
Melee: Unarmed           |    17 |       |       ||    17
       Headbutt          |     9 |    22 |    35 ||    66
       Dagger            |    81 |   118 |   145 ||   344
       Punch             |     1 |       |       ||     1
Throw: Stone             |    18 |    24 |    32 ||    74
Invok: Berserk           |     1 |     2 |     2 ||     5
       Trog's Hand       |       |       |     1 ||     1
  Use: Scroll            |     5 |     6 |     7 ||    18
       Potion            |       |     1 |     4 ||     5
 Stab: Sleeping          |     3 |       |       ||     3
       Distracted        |     1 |       |       ||     1
Armor: Animal skin       |    30 |       |       ||    30
       Leather armour    |     7 |    20 |    41 ||    68
       Skin              |       |       |     1 ||     1
Dodge: Dodged            |    76 |    73 |    40 ||   189
Block: Buckler           |       |    14 |    15 ||    29
       Kite shield       |       |       |    68 ||    68
